 Dungeon Crawl Stone Soup version 0.30-a0-341-g682706514a (webtiles) character file.

Game seed: 9352571758507596792

10 koil the Ruffian (level 2, -1/23 HPs)
             Began as a Draconian Transmuter on Nov 5, 2022.
             Slain by a kobold
             ... wielding a +0 short sword
              (3 damage)
             ... on level 1 of the Dungeon.
             The game lasted 00:00:41 (228 turns).

koil the Ruffian (Draconian Transmuter)              Turns: 228, Time: 00:00:42

Health: -1/23      AC:  4    Str: 12    XL:     2   Next: 10%
Magic:  2/5        EV: 12    Int: 13    God:
Gold:   9          SH:  0    Dex: 11    Spells: 2/5 levels left

rFire   . . .      SeeInvis .      - Unarmed
rCold   . . .      Faith    .    (no shield)
rNeg    . . .      Spirit   .    (body armour unavailable)
rPois   .          Reflect  .    (helmet currently unavailable)
rElec   .          Harm     .    (no cloak)
rCorr   .          Rampage  .    (no gloves)
Will    .....                    (boots currently unavailable)
Stlth   +.........               (no amulet)
HPRegen 0.23/turn                (no ring)
MPRegen 0.09/turn                (no ring)

@: appendages, wereblooded
A: horns 2, talons 2, AC +4, unfitting armour, cold-blooded
a: End Transformation


You were on level 1 of the Dungeon.
You had temporarily grown beastly horns and talons.
You visited 1 branch of the dungeon, and saw 1 of its levels.

You collected 9 gold pieces.

Inventory:

Scrolls
 b - a scroll of immolation {unknown}
Potions
 a - a potion of lignification
 c - a potion of degeneration {unknown}


   Skills:
 + Level 1.3 Fighting
 + Level 1.9 Dodging
 + Level 3.1 Unarmed Combat
 + Level 2.1 Spellcasting
 + Level 2.1 Transmutations
 + Level 0.4 Poison Magic


You had 2 spell levels left.
You knew the following spells:

 Your Spells              Type           Power      Damage    Failure   Level
a - Beastly Appendage     Tmut           12%        N/A       11%         1
b - Wereblood             Tmut           6%         N/A       16%         2

Your spell library contained the following spells:

 Spells                   Type           Power      Damage    Failure   Level
 Spider Form              Tmut/Pois      4%         N/A       41%         3
 Ice Form                 Ice/Tmut       4%         N/A       85%         4


Dungeon Overview and Level Annotations

Branches:
Dungeon (1/15)

Altars:


Innate Abilities, Weirdness & Mutations

You have temporarily grown beastly horns and talons.
Your plain brown scales are hard. (AC +4)
You cannot fit into any form of body armour.
You are cold-blooded and may be slowed by cold attacks.


Message History

You now have 9 gold pieces.
The hobgoblin shouts!
A gnoll comes into view. It is wielding a +0 club.
A kobold comes into view. It is wielding a +0 short sword.
The kobold shouts!
The gnoll shouts!
An endoplasm comes into view.
The hobgoblin hits you.
Cast which spell? (? or * to list)
You grow a pair of large bovine horns.
Your feet morph into talons.
The endoplasm quivers.
The hobgoblin hits you but does no damage.
A rat comes into view.
Casting: Beastly Appendage (safe; 11% risk of failure)
Confirm with . or Enter, or press ? or * to list all spells.
Your blood is infused with primal strength.
The hobgoblin hits you. The gnoll closely misses you.
You hit the gnoll.
The gnoll is heavily wounded.
The hobgoblin hits you but does no damage.
The gnoll hits you with a +0 club.
You closely miss the gnoll.
You tail-slap the gnoll, but do no damage.
The gnoll is heavily wounded.
The hobgoblin hits you. The gnoll barely misses you.
The kobold hits you but does no damage.
You hit the gnoll. Your kick misses the gnoll.
The gnoll is heavily wounded.
The hobgoblin closely misses you. The gnoll hits you with a +0 club.
The kobold hits you but does no damage.
You are too injured to fight recklessly!
You are too injured to fight recklessly!
You are too injured to fight recklessly!
You are too injured to fight recklessly!
The gnoll attacks as you move away! The gnoll hits you with a +0 club.
* * * LOW HITPOINT WARNING * * *
You hit the kobold.
Your tail-slap misses the kobold.
The kobold is moderately wounded.
The hobgoblin barely misses you.
The kobold hits you with a +0 short sword.
You die...

#.........#
#########.........####
#.).#...'.>..........###
+...#.###..........†....
#...#.# #..........#....
#..†#.############.#####
##.............. #.# #..
#............... #.###.#
#....#.@........##.....#
+....+gKg.......+.......
#....#J.........########
######..r?......
#.......... ...........
### ....######## #..
.....# #.. ......# #..


You could see a gnoll, an endoplasm, a hobgoblin, a kobold and a rat.

Vanquished Creatures
  A dart slug (D:1)
  2 giant cockroaches (D:1)
  3 hobgoblins (D:1)
  A rat (D:1)
7 creatures vanquished.

Notes
Turn   | Place    | Note
-------+----------+-------------------------------------------
     0 | D:1      | koil the Draconian Transmuter began the quest for the Orb.
     0 | D:1      | Reached XP level 1. HP: 16/16 MP: 3/3
   200 | D:1      | Reached XP level 2. HP: 19/23 MP: 5/5
   203 | D:1      | Learned a level 2 spell: Wereblood
   227 | D:1      | HP: 1/23 [gnoll/+0 club (6)]
   228 | D:1      | Slain by a kobold

Illustrated notes

Levels and vault maps discovered:
D:1:      tarquinn_simple_flora_water_a, layout_basic, serial_park_tiny_pond

Action                   || total
-------------------------++-------
Melee: Unarmed           ||    33
       Tailslap          ||     4
       Punch             ||     1
 Cast: Beastly Appendage ||     1
       Wereblood         ||     1
Armor: Skin              ||    11
Dodge: Dodged            ||    17

Table legend: (Time is in decaauts)
 A = Elapsed time spent in this place.
 B = Non-inter-level travel time spent in this place.
 C = Inter-level travel time spent in this place.
 D = Time resting spent in this place.
 E = Time spent auto-exploring this place.
 F = Levels seen in this place.
 G = Mean time per level.
                   A        B        C        D        E       F      G
               +--------+--------+--------+--------+--------+-----+--------+
         Total |    226 |    226 |      0 |      0 |    161 |   1 |  226.0 |
       Dungeon |    226 |    226 |      0 |      0 |    161 |   1 |  226.0 |
               +--------+--------+--------+--------+--------+-----+--------+

Top non-repeatable levels by time:
     D:1: 226 daAuts
